 Dungeon Crawl Stone Soup version 0.32-a0-338-g4f8ebfe289 (webtiles) character file.

Game seed: 2971867142687038215

1582 EC1 the Protected (level 8, -2/70 HPs)
             Began as a Minotaur Fighter on Feb 17, 2024.
             Killed by nerve-wracking pain
             ... invoked by Menkaure
              (10 damage)
             ... on level 4 of the Dungeon.
             The game lasted 00:05:41 (3624 turns).

EC1 the Protected (Minotaur Fighter)                Turns: 3624, Time: 00:05:42

Health: -2/70      AC: 19    Str: 24    XL:     8   Next: 60%
Magic:  7/7        EV:  7    Int:  5    God:
Gold:   206        SH:  5    Dex:  9    Spells: 7/7 levels left

rFire   . . .        j - +4 whip (elec)
rCold   . . .        c - +0 buckler
rNeg    . . .        s - +0 plate armour
rPois   .            (helmet restricted)
rElec   .            (no cloak)
rCorr   .            k - +0 pair of gloves
SInv    .            (no boots)
Will    .....        (no amulet) Stlth
                     t - +4 ring of protection
HPRegen 0.31/turn    (no ring)
MPRegen 0.10/turn

%: no passive effects
@: mighty, studying Axes
A: horns 2, retaliatory headbutt
a: no special abilities


You were on level 4 of the Dungeon.
You visited 1 branch of the dungeon, and saw 4 of its levels.

You collected 206 gold pieces.

Inventory:

Hand Weapons
 a - a +0 war axe
 f - a +0 flail of holy wrath
 i - a +0 hand axe
 j - a +4 whip of electrocution (weapon)
 v - a +1 whip of flaming
Armour
 b - a +0 scale mail
 c - a +0 buckler (worn)
 k - a +0 pair of gloves (worn)
 s - a +0 plate armour (worn)
 x - a +2 robe of cold resistance
Jewellery
 t - a +4 ring of protection (left hand)
 w - a +4 ring of protection
Talismans
 r - a beast talisman
Wands
 o - a wand of roots (13) (quivered)
Scrolls
 h - 2 scrolls of teleportation
 p - a scroll of torment {unknown}
 u - a scroll of poison
 y - a scroll of enchant armour {unknown}
 z - a scroll of enchant weapon
Potions
 e - a potion of attraction {unknown}
 g - a potion of haste
 l - 2 potions of degeneration
 m - a potion of enlightenment
 n - a potion of invisibility
 q - a potion of curing {unknown}


   Skills:
 + Level 6.1 Fighting
 + Level 5.1(6.8) Axes
 + Level 7.1(7.8) Maces & Flails
 + Level 8.2 Armour
 + Level 1.3 Dodging
 + Level 0.9 Stealth
 + Level 5.4 Shields


You had 7 spell levels left.
You didn't know any spells.
Your spell library contained the following spells:

 Spells                   Type           Power      Damage    Failure   Level
 Freeze                   Ice            0%         1d3       100%        1
 Frozen Ramparts          Ice            0%         1d1       100%        3
 Hailstorm                Conj/Ice       0%         3d5       100%        3


Dungeon Overview and Level Annotations

Branches:
Dungeon (4/15)
 Temple: D:4-7

Altars:

Annotations:
D:4 Menkaure


Innate Abilities, Weirdness & Mutations

You have a pair of horns on your head.
You reflexively headbutt those who attack you in melee.


Message History

There are monsters nearby!
You hit the scorpion but do no damage. Your headbutt misses the scorpion.
The scorpion is moderately wounded.
The scorpion closely misses you.
Menkaure points at you and mumbles some strange words.
Pain shoots through your body!
There are monsters nearby!
You whack the scorpion!
The scorpion is severely wounded.
The scorpion barely misses you.
There are monsters nearby!
You whack the scorpion!
You kill the scorpion!
Your Maces & Flails skill increases to level 7!
Menkaure is nearby!
You whack Menkaure!
Menkaure is moderately damaged.
Menkaure calls on the powers of darkness!
Your body is wracked with pain!
Menkaure is nearby!
You are too injured to fight recklessly!
Menkaure is nearby!
You are too injured to fight recklessly!
Menkaure is nearby!
You are too injured to fight recklessly!
Menkaure is nearby!
Menkaure is nearby!
You are too injured to fight recklessly!
You hit Menkaure.
Menkaure is moderately damaged.
Menkaure hits you!
* * * LOW HITPOINT WARNING * * *
You hit Menkaure. You headbutt Menkaure!
Menkaure is severely damaged.
Menkaure hits you!
* * * LOW HITPOINT WARNING * * *
You feel very mighty all of a sudden.
Menkaure points at you and mumbles some strange words.
Pain shoots through your body!
You die...

#.# #†# #########
#.#####.## ........#
#.##.....# ........#
#.##.##### ........#
#.##.# ........# #..#.#
........#####.#.#
......M...# #.#.# #@#.#
#.#.# #.#.# #.#.#
######### #.#.# #.#.#
##.......#######.#.###.#.#
.'.......'......>#.......#
.#.......###...........###
.#.......# #.#.........#
.#.......# #.###..##...#
.#.......# #.# #..##...#


You could see Menkaure (fast).

Vanquished Creatures
  Pikel (D:4)
  Grinder (D:4)
  Sigmund (D:4)
  Edmund (D:4)
  Duvessa (D:4)
  A black bear (D:4)
  A lemure (D:4)
  Blork the orc (D:4)
  A scorpion (D:4)
  Dowan (D:4)
  A crimson imp (D:4)
  A bombardier beetle (D:3)
  A jelly (D:4)
  An iguana (D:4)
  4 adders
  A white imp (D:4)
  5 ribbon worms
  10 dart slugs
  3 orcs
  8 ball pythons
  4 bats
  3 endoplasms
  4 giant cockroaches
  6 goblins
  6 hobgoblins
  4 quokkas
  2 training dummies (D:4)
  3 frilled lizards
  7 kobolds
  5 rats
89 creatures vanquished.

Notes
Turn   | Place    | Note
-------+----------+-------------------------------------------
     0 | D:1      | EC1 the Minotaur Fighter began the quest for the Orb.
     0 | D:1      | Reached XP level 1. HP: 19/19 MP: 0/0
   137 | D:1      | Reached XP level 2. HP: 25/27 MP: 1/1
   377 | D:1      | Reached XP level 3. HP: 33/33 MP: 2/2
   387 | D:1      | Reached skill level 4 in Armour
  1008 | D:2      | Reached XP level 4. HP: 38/40 MP: 3/3
  1211 | D:2      | Reached skill level 1 in Maces & Flails
  1665 | D:3      | Reached XP level 5. HP: 38/46 MP: 4/4
  2540 | D:4      | Noticed Grinder
  2547 | D:4      | Killed Grinder
  2548 | D:4      | Reached skill level 5 in Axes
  2548 | D:4      | Reached skill level 5 in Armour
  2548 | D:4      | Reached XP level 6. HP: 53/53 MP: 5/5
  2648 | D:4      | Reached skill level 5 in Fighting
  2648 | D:4      | Reached skill level 1 in Dodging
  2713 | D:4      | Noticed Edmund
  2729 | D:4      | Killed Edmund
  2730 | D:4      | Reached XP level 7. HP: 51/61 MP: 6/6
  2779 | D:4      | Noticed Sigmund
  2788 | D:4      | Killed Sigmund
  2789 | D:4      | Reached skill level 5 in Maces & Flails
  2789 | D:4      | Reached skill level 6 in Armour
  3152 | D:4      | Reached skill level 5 in Shields
  3180 | D:4      | Noticed Pikel
  3194 | D:4      | Killed Pikel
  3195 | D:4      | Reached skill level 7 in Armour
  3195 | D:4      | Reached XP level 8. HP: 42/70 MP: 7/7
  3207 | D:4      | Noticed Blork the orc
  3220 | D:4      | Killed Blork the orc
  3465 | D:4      | Noticed Duvessa
  3465 | D:4      | Noticed Dowan
  3472 | D:4      | Killed Duvessa
  3479 | D:4      | Killed Dowan
  3480 | D:4      | Reached skill level 8 in Armour
  3615 | D:4      | Noticed Menkaure
  3624 | D:4      | Killed from afar by Menkaure

Illustrated notes

Levels and vault maps discovered:
D:1:      minmay_arrival_shattered_statue, layout_basic,
          kennysheep_another_room, chequers_serial_rivers_small_b
D:2:      layout_basic
D:3:      cheibrodos_helix_gallery, layout_basic
D:4:      dreamdust_elfheim, layout_basic, minmay_fire_ice_demons,
          uniq_menkaure, uniq_edmund, uniq_grinder, uniq_sigmund,
          uniq_blork_the_orc, uniq_pikel

Skill      XL: |  1  2  3  4  5  6  7  8 |
---------------+-------------------------+-----
Shields        | 4 5 |  5.4
Fighting       | 4 5 6 |  6.1
Axes           | 3 4 5 |  5.1
Armour         | 4 5 7 8 |  8.2
Maces & Flails | 1 3 4 6 7 |  7.1
Dodging        | 1 |  1.3
Stealth        | |  0.9

Action                     |  1- 3 |  4- 6 |  7- 9 || total
---------------------------+-------+-------+-------++-------
  Melee: War axe           |    44 |       |       ||    44
         Headbutt          |     6 |    16 |    13 ||    35
         Whip              |    18 |   106 |    70 ||   194
    Use: Scroll            |       |    11 |     1 ||    12
         Potion            |       |       |     1 ||     1
 Armour: Scale mail        |    30 |     9 |       ||    39
         Plate armour      |       |    75 |    44 ||   119
  Dodge: Dodged            |    36 |    22 |    10 ||    68
  Block: Buckler           |    14 |    16 |     2 ||    32

Table legend: (Time is in decaauts)
 A = Elapsed time spent in this place.
 B = Non-inter-level travel time spent in this place.
 C = Inter-level travel time spent in this place.
 D = Time resting spent in this place.
 E = Time spent auto-exploring this place.
 F = Levels seen in this place.
 G = Mean time per level.
                   A        B        C        D        E       F      G
               +--------+--------+--------+--------+--------+-----+--------+
         Total |   3622 |   3622 |      0 |    178 |   2297 |   4 |  905.5 |
       Dungeon |   3622 |   3622 |      0 |    178 |   2297 |   4 |  905.5 |
               +--------+--------+--------+--------+--------+-----+--------+

Top non-repeatable levels by time:
     D:4: 1064 daAuts
     D:3: 1023 daAuts
     D:1: 859 daAuts
     D:2: 674 daAuts
